 Dungeon Crawl Stone Soup version 0.24-a0-462-ge24419a6ad (webtiles) character file.

Game seed: 15619568077635317788

49 Peloso the Covered (level 3, -2/33 HPs)
             Began as a Minotaur Fighter on July 2, 2019.
             Slain by an adder (3 damage)
             ... on level 1 of the Dungeon.
             The game lasted 00:02:01 (822 turns).

Peloso the Covered (Minotaur Fighter)                Turns: 822, Time: 00:02:01

Health: -2/33      AC: 10    Str: 20    XL:     3   Next: 51%
Magic:  2/2        EV:  5    Int:  5    God:
Gold:   51         SH:  9    Dex: 10    Spells: 2/2 levels left

rFire    . . .     SeeInvis .   a - +0 long sword
rCold    . . .     Gourm    .   c - +0 shield
rNeg     . . .     Faith    .   j - +0 chain mail
rPois    .         Spirit   .   (helmet restricted)
rElec    .         Reflect  .   (no cloak)
rCorr    .         Harm     .   (no gloves)
MR       .....                  l - +0 pair of boots
Stlth    ..........             (no amulet)
HPRegen  0.11/turn              (no ring)
MPRegen  0.08/turn              (no ring)

@: no status effects
A: retaliatory headbutt, horns 2
a: no special abilities


You were on level 1 of the Dungeon.
You were not hungry.

You visited 1 branch of the dungeon, and saw 2 of its levels.

You collected 51 gold pieces.

Inventory:

Hand Weapons
 a - a +0 long sword (weapon)
Armour
 b - a +0 scale mail
 c - a +0 shield (worn)
 j - a +0 chain mail (worn)
 l - a +0 pair of boots (worn)
Scrolls
 g - a scroll of remove curse {unknown}
 i - 2 scrolls of identify {unknown}
 m - a scroll of amnesia {unknown}
Potions
 d - a potion of might
 e - a potion of degeneration {unknown}
 h - a potion of lignification {unknown}
 k - a potion of brilliance {unknown}
Comestibles
 f - 2 rations


   Skills:
 + Level 4.2 Fighting
 + Level 2.8 Long Blades
 + Level 4.3 Armour
 + Level 0.1 Stealth
 + Level 4.1 Shields


You had 2 spell levels left.
You didn't know any spells.
Your spell library was empty.

Dungeon Overview and Level Annotations

Branches:
Dungeon (2/15)

Altars:

Annotations:
D:2 Sigmund


Innate Abilities, Weirdness & Mutations

You reflexively headbutt those who attack you in melee.
You have a pair of horns on your head.


Message History

* * * LOW HITPOINT WARNING * * *
You feel sick.
Sigmund says, "Now you see me, now you don't..."
Sigmund casts a spell.
Sigmund flickers and vanishes!
Deactivating autopickup; reactivate with Ctrl-A.
You block the adder's attack.
There is a stone staircase leading up here.
* * * LOW HITPOINT WARNING * * *
You feel sick.
You are no longer poisoned.
The adder bites you but does no damage. You block the adder's attack.
You climb upwards.
Reactivating autopickup.
There is a stone staircase leading down here.
Okay, then.
You barely miss the adder. Your headbutt misses the adder.
The adder is lightly wounded.
The adder bites you.
You die...

...........# #...# ........(..#
##..# ..)........# #..#
...........# #..### ############
############ #..#.###..........#
############ #..#...#..........#
##.........# #..#.#.#..........#
.(.........# #.S#.#.#..........#
..(((..)...# ##@#.#............#
....######## ##.#.#...(........#
....# #..........#'###### ..).#
#...####.#.#.# ....#
#....)...#.#.# ....#
#)...#####.#.#####
....###########....#####.#.....#
....'..........(.#.......#.....#
....######################.....#


You could see an adder.

Vanquished Creatures
  2 adders (D:2)
  A dart slug (D:2)
  A leopard gecko (D:1)
  A giant cockroach (D:1)
  4 goblins (D:1)
  A hobgoblin (D:1)
  3 jackals
  4 kobolds
  2 bats
  3 frilled lizards
  6 rats
28 creatures vanquished.

Notes
Turn   | Place    | Note
-------+----------+-------------------------------------------
     0 | D:1      | Peloso the Minotaur Fighter began the quest for the Orb.
     0 | D:1      | Reached XP level 1. HP: 19/19 MP: 0/0
   124 | D:1      | Reached XP level 2. HP: 27/27 MP: 1/1
   653 | D:2      | Reached XP level 3. HP: 31/33 MP: 2/2
   744 | D:2      | Noticed Sigmund
   820 | D:2      | HP: 1/33 [poisoned by an adder]
   822 | D:1      | Slain by an adder

Levels and vault maps discovered:
D:1:      dpeg_arrival_long_road, layout_basic
D:2:      layout_rooms, uniq_sigmund, uniq_robin

Skill      XL: |  1  2  3 |
---------------+----------+-----
Armour         | 4 |  4.3
Fighting       | 4 |  4.2
Shields        | 4 |  4.1
Long Blades    | |  2.8
Stealth        | |  0.1

Action                   || total
-------------------------++-------
Melee: Long sword        ||    74
       Headbutt          ||    10
Armor: Scale mail        ||     9
       Chain mail        ||    28
Dodge: Dodged            ||    23
Block: Shield            ||    60
       Rpst.: Long sword ||     3

Table legend:
 A = Non-vault XP
 B = Vault XP
 C = Vault XP percentage of total XP
 D = Non-vault monster count
 E = Vault monster count
 F = Vault count percentage of total count
                 A         B        C        D         E       F
            +---------+---------+-------+---------+---------+-------
      Total |      70 |       0 |   0.0 |      28 |       0 |   0.0
            +---------+---------+-------+---------+---------+-------
        D:1 |      33 |       0 |   0.0 |      20 |       0 |   0.0
        D:2 |      37 |       0 |   0.0 |       8 |       0 |   0.0
            +---------+---------+-------+---------+---------+-------
